 Dungeon Crawl Stone Soup version 0.30-a0-451-ge042605de7 (webtiles) character file.

Game seed: 15951555717758239161

78699 OTABOTABOTAB the Eclecticist (level 15, -1/84 HPs)
             Began as a Deep Elf Conjurer on Dec 12, 2022.
             Was an Elder of Sif Muna.
             Killed by an exploding ball lightning (11 damage)
             ... on level 2 of the Orcish Mines.
             The game lasted 01:05:46 (27488 turns).

OTABOTABOTAB the Eclecticist (Deep Elf Conjurer)   Turns: 27488, Time: 01:05:46

Health: -1/84      AC:  8    Str:  4    XL:     15   Next: 18%
Magic:  36/46      EV: 16    Int: 31    God:    Sif Muna [****..]
Gold:   3821       SH:  0    Dex: 13    Spells: 0/46 levels left

rFire   . . .      SeeInvis .    O - staff of air {rElec}
rCold   . . .      Faith    .    (no shield)
rNeg    . . .      Spirit   .    l - +0 steam dragon scales
rPois   .          Reflect  .    p - +1 hat
rElec   +          Harm     .    g - scarf {repulsion}
rCorr   .          Rampage  .    z - +0 pair of gloves
Will    +....                    c - +0 pair of boots
Stlth   ++........               o - amulet of the acrobat
HPRegen 0.34/turn                Z - ring of wizardry {Wiz+, !d}
MPRegen 0.30/turn                x - ring of magical power {MP+9}

@: repel missiles
A: no striking features
a: Renounce Religion, Channel Magic, Forget Spell, Divine Exegesis


You were on level 2 of the Orcish Mines.
You worshipped Sif Muna.
Sif Muna was greatly pleased with you.
You visited 3 branches of the dungeon, and saw 22 of its levels.

You collected 5284 gold pieces.
You spent 1463 gold pieces at shops.

Inventory:

Hand Weapons
 b - the +12 pair of quick blades "Gyre" and "Gimble" {protect}
   (You found it on level 5 of the Lair of Beasts)

   It grants its wielder temporary protection when it strikes (+7 to AC).
Missiles
 f - 5 throwing nets {!d}
 s - 41 stones
 v - 10 poisoned darts
 y - 5 boomerangs
Armour
 c - a +0 pair of boots (worn)
   (You found it on level 10 of the Dungeon)
 g - a scarf of repulsion (worn)
   (You found it on level 7 of the Dungeon)
 l - +0 steam dragon scales (worn)
   (You found it on level 7 of the Dungeon)
 p - a +1 hat (worn)
   (You took it off Gastronok on level 1 of the Lair of Beasts)
 z - a +0 pair of gloves (worn)
   (You found it on level 7 of the Dungeon)
Magical Staves
 a - a staff of conjuration
   (You found it on level 11 of the Dungeon)
 O - a staff of air (weapon) {rElec}
   (You found it on level 3 of the Lair of Beasts)
Jewellery
 h - an amulet of reflection
   (You found it on level 5 of the Lair of Beasts)
 m - a ring of resist corrosion
   (You found it on level 12 of the Dungeon)
 o - an amulet of the acrobat (around neck)
   (You found it on level 3 of the Dungeon)
 w - the ring of the Hare {EV+8}
   (You found it on level 5 of the Lair of Beasts)

   [ring of evasion]

   EV:        It affects your evasion (+8).
 x - a ring of magical power (right hand) {MP+9}
   (You found it on level 7 of the Dungeon)
 C - a ring of protection from cold {rC+, !d}
   (You found it on level 4 of the Lair of Beasts)
 N - a +4 ring of evasion
   (You found it on level 11 of the Dungeon)
 Z - a ring of wizardry (left hand) {Wiz+, !d}
   (You found it on level 4 of the Lair of Beasts)
Wands
 d - a wand of digging (6)
   (You found it on level 4 of the Lair of Beasts)
 e - a wand of charming (4)
   (You found it on level 14 of the Dungeon)
 i - a wand of iceblast (10)
   (You found it on level 15 of the Dungeon)
 q - a wand of flame (20)
   (You found it on level 12 of the Dungeon)
 F - a wand of light (6)
   (You found it on level 14 of the Dungeon)
Scrolls
 j - 6 scrolls of identify {@r1}
 n - a scroll of brand weapon
 r - 4 scrolls of amnesia
 t - 3 scrolls of fog
 u - 2 scrolls of enchant armour
 D - 3 scrolls of blinking {!r}
 E - 4 scrolls of fear
 K - 3 scrolls of enchant weapon
 V - 3 scrolls of vulnerability {!r!r}
 X - 3 scrolls of magic mapping {@r4!r}
 Y - 4 scrolls of teleportation {@r3}
Potions
 k - 2 potions of might
 A - 2 potions of attraction {!q}
 B - 3 potions of brilliance
 G - a potion of ambrosia {!q}
 H - 5 potions of haste
 I - 2 potions of invisibility
 J - 15 potions of curing {@q1}
 L - 4 potions of flight
 M - 2 potions of magic
 P - 3 potions of lignification {!q}
 Q - 2 potions of experience {unknown}
 R - a potion of resistance
 T - 3 potions of berserk rage {!q}
 U - 7 potions of mutation {!q}


   Skills:
 - Level 6.4 Fighting
 - Level 9.7 Dodging
 - Level 2.4 Stealth
 - Level 16.2 Spellcasting
 - Level 14.6 Conjurations
 - Level 4.0 Hexes
 - Level 4.0 Translocations
 * Level 8.2 Transmutations
 - Level 5.0 Fire Magic
 * Level 7.5 Air Magic
 + Level 14.1 Invocations


You couldn't memorise any spells.
You knew the following spells:

 Your Spells              Type           Power      Damage    Failure   Level
a - Magic Dart            Conj           100%       1d8       0%          1
b - Searing Ray           Conj           100%       2d8       0%          2
c - Fulminant Prism       Conj/Hex       35%        3d17      1%          4
d - Orb of Destruction    Conj           43%        9d12      1%          7
e - Conjure Ball Lightni  Conj/Air       48%        3x3d17    1%          6
f - Fireball              Conj/Fire      36%        3d15      1%          5
g - Storm Form            Tmut/Air       42%        N/A       22%         7
h - Lightning Bolt        Conj/Air       48%        1d68      1%          5
x - Iskenderun's Mystic   Conj/Tloc      70%        2d14      1%          4
z - Iskenderun's Battles  Conj           86%        2d13      1%          5

Your spell library contained the following spells:

 Spells                   Type           Power      Damage    Failure   Level
 Necrotise                Necr           100%       1d9       1%          1
 Summon Small Mammal      Summ           100%       N/A       1%          1
 Blink                    Tloc           100%       N/A       1%          2
 Dazzling Flash           Conj/Hex       100%       N/A       1%          3
 Ignite Poison            Fire/Tmut/Pois 51%        N/A       1%          3
 Kindle Blastsparks       Fire/Tloc/Air  100%       2d18      1%          3
 Summon Guardian Golem    Hex/Summ       37%        N/A       1%          3
 Tukima's Dance           Hex            50%        N/A       1%          3
 Manifold Assault         Tloc           50%        N/A       1%          4
 Passage of Golubria      Tloc           50%        N/A       1%          4
 Freezing Cloud           Conj/Ice/Air   41%        6-21      1%          5
 Yara's Violent Unravell  Hex/Tmut       29%        3d12      1%          5
 Starburst                Conj/Fire      36%        6d11      1%          6
 Call Canine Familiar     Summ           25%        N/A       2%          3
 Olgreb's Toxic Radiance  Pois           25%        N/A       7%          4
 Summon Forest            Summ/Tloc      18%        N/A       9%          5
 Summon Mana Viper        Hex/Summ       37%        N/A       9%          5
 Eringya's Noxious Bog    Tmut/Pois      25%        N/A       19%         6
 Statue Form              Tmut/Erth      33%        N/A       19%         6
 Dispersal                Tloc           25%        N/A       21%         6
 Death Channel            Necr           12%        N/A       69%         6
 Summon Cactus Giant      Summ           12%        N/A       69%         6
 Malign Gateway           Summ/Tloc      18%        N/A       92%         7
 Ozocubu's Refrigeration  Ice            12%        4d10      99%         7
 Ignition                 Fire           27%        3d9       99%         8
 Summon Horrible Things   Summ           12%        N/A       100%        8


Dungeon Overview and Level Annotations

Branches:
Dungeon (15/15)            Temple (0/1) D:6            Lair (5/5) D:9
 Shoals (0/4) Lair:2        Snake (0/4) Lair:2        Slime (0/5) Lair:4
    Orc (2/2) D:12         Vaults (0/5) D:14         Depths (0/4) D:15
    Elf: Orc:2

Altars:
Dithmenos
Fedhas
Kikubaaqudgha
Makhleb
Okawaru
Ru
Sif Muna
Trog
Uskayaw
Vehumet
Zin
The Shining One
Jiyva
Lugonu

Shops:
D:3 :?(   D:7 (   D:11 (   Orc:2 (

Portals:
Abyss: Lair:5

Annotations:
Lair:2 1 runed translucent door, Ehaohe's ghost, journeyman DrBe
Lair:3 3 runed translucent doors, Lobster4's ghost, journeyman TeSu
Lair:4 1 runed translucent door, Daelid's ghost, journeyman MfGl


Message History

Your ball lightning completely resists.
The blast of lightning engulfs the orc!!
You kill the orc!
Sif Muna accepts your kill.
The blast of lightning engulfs your ball lightning.
Your ball lightning completely resists.
An orc wizard comes into view. It is wielding a +0 dagger.
A troll comes into view.
You take 8 damage, and have 33/84 hp.
You regained 3 mp, and now have 11/46 mp.
Your ball lightning explodes!
The blast of lightning engulfs the orc warrior.
The blast of lightning engulfs the orc!!
You kill the orc!
Sif Muna accepts your kill.
The blast of lightning engulfs your ball lightning.
Your ball lightning completely resists.
The blast of lightning engulfs you! You resist.
* * * LOW HITPOINT WARNING * * *
The blast of lightning engulfs the orc wizard!!
You kill the orc wizard!
Sif Muna accepts your kill.
An orc comes into view.
It is wielding a +0 war axe and wearing a +2 ring mail of fire resistance.
You hear a shout! x4
You take 14 damage, and have 19/84 hp.
You regained 5 mp, and now have 16/46 mp.
An orc comes into view. It is wielding a +0 flail.
The orc wizard points at you and mumbles some strange words.
You resist with almost no effort.
Your ball lightning explodes!
The blast of lightning engulfs the orc knight!!
The blast of lightning engulfs the orc warrior!
The blast of lightning engulfs you! You resist.
* * * LOW HITPOINT WARNING * * *
The blast of lightning engulfs the troll!
You hear a shout!
You take 10 damage, and have 9/84 hp.
You regained 5 mp, and now have 21/46 mp.
The orc knight roars a battlecry!
The orcs go into a battle-frenzy!
You climb upwards.
You feel less invigorated.
There is a stone staircase leading down here.
You regained 10 mp, and now have 31/46 mp.
You start resting.
Health restored: 84; MP restored: 46 You climb downwards.
You hear a distant snort.
Hark!
There is a gateway to a gauntlet on this level.
Find the entrance quickly before the gate is sealed!
You hear the thunderous beating of a very distant drum.
The orc shouts!
The troll bites you! The troll claws you! The troll misses you.
The orc warrior hits you with a +0 scimitar!
The orc misses you.
The orc knight hits you with a +0 war axe!
There is a stone staircase leading up, spattered with blood here.
You take 53 damage, and have 31/84 hp.
MASSIVE DAMAGE!!
You erupt in a blast of force!
The mystic blast hits the orc knight!!
The orc knight is knocked back by the mystic blast.
The mystic blast hits the orc!
You kill the orc!
Sif Muna accepts your kill.
The mystic blast hits the orc!!
You kill the orc!
Sif Muna accepts your kill.
The mystic blast hits the orc warrior.
The orc warrior is knocked back by the mystic blast.
The mystic blast hits the troll!
The troll is knocked back by the mystic blast.
An orc warrior comes into view. It is wielding a +0 broad axe.
You now have 42/46 mp.
You feel a surge of power!
You create some ball lightning! 3 ball lightnings come into view.
You now have 36/46 mp.
Your ball lightning explodes!
The blast of lightning engulfs you. You resist.
The blast of lightning engulfs the orc wizard!!
You kill the orc wizard!
Sif Muna accepts your kill.
The blast of lightning engulfs the troll!
The blast of lightning engulfs the orc!!
You kill the orc!
Sif Muna accepts your kill.
The blast of lightning engulfs your ball lightning.
Your ball lightning completely resists.
The blast of lightning engulfs your ball lightning.
Your ball lightning completely resists.
Your ball lightning explodes!
The blast of lightning engulfs you! You resist.
* * * LOW HITPOINT WARNING * * *
The blast of lightning engulfs the orc knight!
The blast of lightning engulfs your ball lightning.
Your ball lightning completely resists.
The blast of lightning engulfs the orc warrior!!
Your ball lightning explodes!
The blast of lightning engulfs the orc!!
You kill the orc!
Sif Muna accepts your kill. The blast of lightning engulfs you! You resist.
You die...

..)..#.........
...$o.÷.....^..
..)....[.......
...[...[.......
....÷..o.......
.....).÷.......
..$.))..)......
.$[)).)@..o....
.∩.............
..[............
[...T...[......
..[............
..)........)...
...............
...............


You could see an orc knight, a troll and 2 orc warriors.

Vanquished Creatures
  Gastronok (Lair:1)
  A fire dragon (D:15)
  Josephine (D:15)
  Harold (Lair:2)
  An entropy weaver (shapeshifter) (D:14)
  8 vault guards (D:14)
  An ice dragon (D:15)
  A catoblepas (Lair:2)
  7 hydras
  An ogre mage (D:15)
  7 two-headed ogres
  6 centaur warriors
  6 death yaks (Lair:4)
  2 boulder beetles
  3 tengu warriors
  3 thrashing horrors (Lair:5)
  Amaemon (D:8)
  2 large abominations (Lair:5)
  Lodul (D:10)
  2 lindwurms (Lair:4)
  A deep elf pyromancer (D:14)
  An orc knight (Orc:2)
  10 ugly things
  An orc sorcerer (Orc:2)
  2 cyclopes (D:11)
  3 manticores
  6 elephants (Lair:5)
  A black mamba (Lair:4)
  An orange demon (D:8)
  17 cane toads
  A gargoyle (D:10)
  3 smoke demons (Lair:5)
  Maggie (D:10)
  A rime drake (shapeshifter) (Lair:5)
  3 kobold demonologists
  4 komodo dragons
  4 rime drakes
  A yaktaur (D:15)
  2 polar bears (Lair:5)
  2 ancient zymes (Lair:5)
  8 trolls
  3 meliai (D:13)
  3 slime creatures (D:12)
  26 blink frogs
  5 dream sheep (Lair:5)
  2 shadows (D:10)
  A snapping turtle (Lair:2)
  9 wyverns
  A ynoxinul (Lair:5)
  3 steam dragons
  19 yaks
  4 wraiths
  9 basilisks
  A chaos spawn (Lair:5)
  4 vampire mosquitoes (D:13)
  7 wargs
  3 acid dragons
  9 water moccasins
  An ice beast (D:7)
  7 orc warriors
  A black bear (D:8)
  16 ogres
  14 centaurs
  A centaur (shapeshifter) (D:13)
  A phantom (D:5)
  8 small abominations (Lair:5)
  2 kobold brigands (D:10)
  15 bullfrogs
  2 necrophages
  A gnoll sergeant (D:9)
  4 scorpions
  A killer bee (D:8)
  8 electric eels
  A howler monkey (D:10)
  A crimson imp (D:3)
  2 hounds
  2 jellies
  10 orc priests
  Ijyb (D:3)
  2 iguanas
  20 orc wizards
  4 hell rats (Lair:4)
  11 adders
  10 gnolls
  A white imp (D:6)
  2 adder zombies (D:2)
  5 worms
  55 orcs
  9 ball pythons
  2 bats
  2 bat skeletons (D:2)
  8 endoplasms
  3 giant cockroaches
  10 hobgoblins
  7 jackals (D:1)
  3 quokkas (D:4)
  3 ball python skeletons (D:2)
  A frilled lizard (D:2)
  A giant cockroach zombie (D:2)
  17 goblins
  2 goblin skeletons (D:3)
  A goblin zombie (D:3)
  2 hobgoblin zombies (D:3)
  17 kobolds
  2 kobold zombies (D:3)
  An orc skeleton (D:3)
  3 orc zombies (D:3)
  A quokka zombie (D:2)
  11 rats
  A fulminant prism (Lair:2)
554 creatures vanquished.

Vanquished Creatures (collateral kills)
  12 ball lightnings
12 creatures vanquished.

Vanquished Creatures (others)
  A goblin (D:7)
  120 ball lightnings
  54 fulminant prisms
  49 fungi
  50 plants
274 creatures vanquished.

Grand Total: 840 creatures vanquished

Notes
Turn   | Place    | Note
-------+----------+-------------------------------------------
     0 | D:1      | OTABOTABOTAB the Deep Elf Conjurer began the quest for the
                  | Orb.
     0 | D:1      | Reached XP level 1. HP: 10/10 MP: 6/6
   259 | D:1      | Reached XP level 2. HP: 15/15 MP: 5/8
   262 | D:1      | Learned a level 2 spell: Searing Ray
   389 | D:1      | Reached skill level 5 in Conjurations
   665 | D:1      | Reached XP level 3. HP: 19/19 MP: 7/10
   752 | D:1      | Found a faded altar of an unknown god.
  1476 | D:2      | Reached skill level 4 in Spellcasting
  1702 | D:2      | Found a glowing golden altar of the Shining One.
  1883 | D:2      | Reached XP level 4. HP: 22/24 MP: 7/12
  1998 | D:2      | Learned a level 4 spell: Fulminant Prism
  2003 | D:2      | Learned a level 4 spell: Iskenderun's Mystic Blast
  2309 | D:3      | Found a sacrificial altar of Ru.
  2329 | D:3      | Found Huwaogol's Antique Weapon Boutique.
  2382 | D:3      | Found a glowing golden altar of the Shining One.
  2389 | D:3      | Reached skill level 6 in Conjurations
  2391 | D:3      | Noticed Ijyb
  2563 | D:3      | Killed Ijyb
  2564 | D:3      | Reached XP level 5. HP: 28/28 MP: 3/14
  2759 | D:3      | Found Hoaloemn's Magic Scroll Shop.
  2902 | D:3      | Found Batwaral's Book Shop.
  3033 | D:3      | Reached skill level 5 in Spellcasting
  3220 | D:3      | Identified the +4 quarterstaff "Killer Bee's Regret" {pain,
                  | +Blink rN+ Int-3}
  3716 | D:4      | Reached skill level 1 in Hexes
  3718 | D:4      | Reached skill level 1 in Translocations
  4078 | D:4      | Reached XP level 6. HP: 32/32 MP: 12/15
  4801 | D:4      | Found an ancient bone altar of Kikubaaqudgha.
  4802 | D:4      | Found a shimmering blue altar of Sif Muna.
  4804 | D:4      | Found a radiant altar of Vehumet.
  4810 | D:4      | Got Kikubaaqudgha's Spellbook of Death
  4834 | D:4      | Became a worshipper of Sif Muna the Loreminder
  4926 | D:5      | Entered Level 5 of the Dungeon
  5095 | D:5      | Found a burning altar of Makhleb.
  5220 | D:5      | Reached skill level 2 in Hexes
  5277 | D:5      | Reached skill level 7 in Conjurations
  5277 | D:5      | Reached skill level 2 in Translocations
  5277 | D:5      | Reached skill level 1 in Invocations
  5283 | D:5      | Reached XP level 7. HP: 36/36 MP: 4/17
  5388 | D:5      | Reached skill level 6 in Spellcasting
  5388 | D:5      | Reached skill level 3 in Hexes
  5737 | D:5      | Reached skill level 2 in Invocations
  5806 | D:5      | HP: 9/36 [something/magic dart (5)]
  6161 | D:5      | Identified a scroll of acquirement
  6161 | D:5      | Acquired 614 gold pieces
  6237 | D:3      | Bought a book of the Spheres for 756 gold pieces
  6375 | D:6      | Learned a level 5 spell: Iskenderun's Battlesphere
  6451 | D:6      | Found a staircase to the Ecumenical Temple.
  6460 | D:6      | Reached skill level 3 in Translocations
  6535 | D:6      | Reached skill level 4 in Hexes
  6537 | D:6      | Reached skill level 3 in Invocations
  6537 | D:6      | Reached XP level 8. HP: 30/41 MP: 12/20
  6695 | D:6      | Found an iron altar of Okawaru.
  6728 | D:6      | Found a glowing silver altar of Zin.
  6731 | D:6      | Found a blossoming altar of Fedhas.
  6760 | D:6      | Reached skill level 7 in Spellcasting
  6963 | D:6      | Reached skill level 4 in Translocations
  7340 | D:6      | Learned a level 5 spell: Fireball
  7427 | D:7      | Reached skill level 8 in Conjurations
  7427 | D:7      | Reached skill level 4 in Invocations
  7433 | D:7      | HP: 2/41 [something/ball of steam (11)]
  7439 | D:7      | Reached skill level 8 in Spellcasting
  7532 | D:7      | You fall into a shaft and drop 1 floor!
  7614 | D:8      | Reached * piety under Sif Muna
  7629 | D:8      | Noticed a troll
  7658 | D:8      | Killed a troll
  7659 | D:8      | Reached skill level 5 in Invocations
  7787 | D:8      | Reached XP level 9. HP: 45/45 MP: 16/23
  8064 | D:8      | Reached skill level 9 in Spellcasting
  8064 | D:8      | Reached skill level 9 in Conjurations
  8104 | D:8      | Found a shadowy altar of Dithmenos.
  8348 | D:7      | Found Ygrulenk's Weapon Emporium.
  8563 | D:7      | Found a bloodstained altar of Trog.
  8567 | D:7      | Reached skill level 6 in Invocations
  9164 | D:8      | Noticed a rime drake
  9310 | D:8      | Noticed a rime drake
  9368 | D:8      | Noticed an orange demon
  9370 | D:8      | Noticed Amaemon
  9378 | D:8      | Killed an orange demon
  9379 | D:8      | Reached skill level 10 in Spellcasting
  9380 | D:8      | Killed Amaemon
  9380 | D:8      | Reached ** piety under Sif Muna
  9381 | D:8      | Reached skill level 10 in Conjurations
  9381 | D:8      | Reached skill level 7 in Invocations
  9565 | D:8      | Found the +4 skin of Zhor {*Englaciate rC+++ SInv}
  9962 | D:8      | Killed a rime drake
  9967 | D:8      | Killed a rime drake
  9968 | D:8      | Reached XP level 10. HP: 36/50 MP: 23/26
 10117 | D:8      | Learned a level 7 spell: Orb of Destruction
 10321 | D:9      | Reached skill level 11 in Spellcasting
 10373 | D:9      | Reached skill level 8 in Invocations
 10495 | D:9      | Found a staircase to the Lair.
 10720 | D:9      | Noticed a two-headed ogre
 10725 | D:9      | Killed a two-headed ogre
 10726 | D:9      | Reached skill level 11 in Conjurations
 10740 | D:9      | Reached skill level 12 in Spellcasting
 10816 | D:9      | Found a hide-covered altar of Uskayaw.
 11450 | D:3      | Bought 2 scrolls of identify for 52 gold pieces
 11450 | D:3      | Bought a scroll of magic mapping for 97 gold pieces
 11450 | D:3      | Bought a scroll of identify for 26 gold pieces
 11549 | D:10     | Entered Level 10 of the Dungeon
 11565 | D:10     | Noticed Maggie
 11574 | D:10     | Killed Maggie
 11575 | D:10     | Reached skill level 9 in Invocations
 11696 | D:10     | Noticed a gargoyle
 11704 | D:10     | Killed a gargoyle
 12076 | D:10     | Noticed a two-headed ogre
 12081 | D:10     | Killed a two-headed ogre
 12082 | D:10     | Reached XP level 11. HP: 54/54 MP: 26/29
 12141 | D:10     | Noticed Lodul
 12301 | D:10     | Killed Lodul
 12302 | D:10     | Reached skill level 12 in Conjurations
 12302 | D:10     | Reached *** piety under Sif Muna
 12303 | D:10     | Reached skill level 13 in Spellcasting
 12499 | D:10     | Reached skill level 10 in Invocations
 12679 | D:11     | Found Boasogem's Weapon Emporium.
 12810 | Lair:1   | Entered Level 1 of the Lair of Beasts
 12999 | Lair:1   | Reached skill level 1 in Fire Magic
 13125 | Lair:1   | Reached skill level 1 in Fighting
 13125 | Lair:1   | Reached skill level 3 in Dodging
 13444 | Lair:1   | Noticed Gastronok
 13448 | Lair:1   | Reached skill level 2 in Fire Magic
 13456 | Lair:1   | Killed Gastronok
 13457 | Lair:1   | Reached skill level 2 in Fighting
 13692 | Lair:1   | Reached skill level 4 in Dodging
 14252 | Lair:2   | Noticed Harold
 14259 | Lair:2   | Killed Harold
 14260 | Lair:2   | Reached skill level 3 in Fire Magic
 14404 | Lair:2   | Noticed a catoblepas
 14410 | Lair:2   | Killed a catoblepas
 14519 | Lair:2   | Reached XP level 12. HP: 64/64 MP: 27/31
 14597 | Lair:2   | Found a staircase to the Snake Pit.
 14597 | Lair:2   | You fall into a shaft and drop 2 floors!
 14604 | Lair:4   | Reached skill level 5 in Dodging
 14709 | Lair:4   | Identified the +9 plate armour "Liuqox" {rElec}
 14730 | Lair:4   | Found a staircase to the Slime Pits.
 14730 | Lair:4   | Found a viscous altar of Jiyva.
 14733 | Lair:4   | Noticed a death yak
 14735 | Lair:4   | Noticed a death yak
 14737 | Lair:4   | Noticed a death yak
 14738 | Lair:4   | Noticed a death yak
 14738 | Lair:4   | Noticed a death yak
 14739 | Lair:4   | Killed a death yak
 14739 | Lair:4   | Noticed a death yak
 14740 | Lair:4   | Reached skill level 3 in Fighting
 14740 | Lair:4   | Reached skill level 14 in Spellcasting
 14743 | Lair:4   | Killed a death yak
 14744 | Lair:4   | Reached skill level 4 in Fire Magic
 14749 | Lair:4   | Killed a death yak
 14750 | Lair:4   | Reached skill level 11 in Invocations
 14753 | Lair:4   | Killed a death yak
 14757 | Lair:4   | Killed a death yak
 14758 | Lair:4   | Reached skill level 13 in Conjurations
 14759 | Lair:4   | Killed a death yak
 14760 | Lair:4   | Reached skill level 6 in Dodging
 15135 | Lair:4   | Found a runed translucent door.
 15137 | Lair:4   | Noticed Daelid's ghost (journeyman MfGl)
 15436 | Lair:3   | Reached skill level 5 in Fire Magic
 15683 | Lair:2   | Reached **** piety under Sif Muna
 15910 | Lair:2   | Found a staircase to the Shoals.
 15917 | Lair:2   | Reached skill level 4 in Fighting
 16261 | Lair:2   | Noticed a five-headed hydra
 16266 | Lair:2   | Killed a five-headed hydra
 16455 | Lair:2   | Found a runed translucent door.
 16459 | Lair:2   | Noticed Ehaohe's ghost (journeyman DrBe)
 16540 | Lair:2   | Reached skill level 7 in Dodging
 16623 | Lair:2   | Noticed a four-headed hydra
 16630 | Lair:2   | Killed a four-headed hydra
 16857 | Lair:2   | Noticed a four-headed hydra
 16864 | Lair:2   | Killed a four-headed hydra
 17113 | Lair:2   | Acquired 1146 gold pieces
 17234 | Lair:3   | Reached XP level 13. HP: 68/72 MP: 29/33
 17315 | Lair:3   | Reached skill level 15 in Spellcasting
 17365 | Lair:3   | Found a runed translucent gate.
 17365 | Lair:3   | Found a runed translucent gate.
 17365 | Lair:3   | Found a runed translucent gate.
 17453 | Lair:3   | Noticed a minotaur
 17458 | Lair:3   | Noticed Lobster4's ghost (journeyman TeSu)
 18004 | Lair:5   | Entered Level 5 of the Lair of Beasts
 18070 | Lair:5   | Reached skill level 12 in Invocations
 18074 | Lair:5   | Reached skill level 5 in Fighting
 18081 | Lair:5   | Reached skill level 8 in Dodging
 18336 | Lair:5   | Reached skill level 14 in Conjurations
 18870 | Lair:5   | Reached skill level 9 in Dodging
 18947 | Lair:5   | Reached skill level 6 in Fighting
 18956 | Lair:5   | Reached skill level 16 in Spellcasting
 19485 | Lair:5   | Reached ***** piety under Sif Muna
 19636 | Lair:5   | Reached XP level 14. HP: 80/80 MP: 26/36
 19766 | Lair:5   | Found a corrupted altar of Lugonu.
 19766 | Lair:5   | Found a one-way gate to the infinite horrors of the Abyss.
 19766 | Lair:5   | Found the ring of the Hare {EV+8}
 19768 | Lair:5   | Found the +12 pair of quick blades "Gyre" and "Gimble"
                  | {protect}
 19788 | Lair:5   | Identified the +0 troll leather armour of the Meadowlark
                  | {-Cast Regen+ Dex+4 SInv}
 19802 | Lair:5   | Acquired 712 gold pieces
 19803 | Lair:5   | Acquired 749 gold pieces
 20237 | Lair:5   | Learned a level 6 spell: Conjure Ball Lightning
 20634 | D:11     | Reached skill level 13 in Invocations
 21015 | D:3      | Bought the Guide on Conjuration for 532 gold pieces
 21023 | D:3      | Learned a level 7 spell: Storm Form
 21271 | D:12     | Reached skill level 1 in Air Magic
 21274 | D:12     | Received a gift from Sif Muna
 21275 | D:12     | Reached skill level 1 in Transmutations
 21359 | D:12     | Got Sif Muna's Second Course in Incantation {god gift}
 21542 | D:12     | Reached skill level 2 in Transmutations
 21542 | D:12     | Reached skill level 2 in Air Magic
 21916 | D:12     | Found a staircase to the Orcish Mines.
 22588 | D:13     | Reached skill level 3 in Transmutations
 22588 | D:13     | Reached skill level 3 in Air Magic
 23484 | D:14     | Found a gate to the Vaults.
 23491 | D:14     | Reached skill level 4 in Transmutations
 23492 | D:14     | Reached skill level 4 in Air Magic
 23508 | D:14     | HP: 20/80 [spore (7)]
 23509 | D:14     | Reached skill level 5 in Transmutations
 23517 | D:14     | Reached skill level 5 in Air Magic
 23903 | D:14     | HP: 16/80 [centaur warrior/arrow (10)]
 23905 | D:14     | HP: 5/80 [centaur/arrow[a centaur warrior] (12)]
 23923 | D:14     | Reached skill level 6 in Transmutations
 24003 | D:14     | HP: 16/80 [centaur warrior/arrow (14)]
 24493 | D:14     | Found a bloodstained altar of Trog.
 24609 | D:14     | Reached skill level 6 in Air Magic
 24961 | D:15     | Entered Level 15 of the Dungeon
 24966 | D:15     | Noticed Josephine
 24968 | D:15     | Killed Josephine
 25009 | D:15     | Reached skill level 7 in Transmutations
 25304 | D:15     | HP: 17/80 [fire dragon (5)]
 25545 | D:15     | Found a staircase to the Depths.
 25647 | D:15     | Reached XP level 15. HP: 84/84 MP: 35/37
 25650 | D:15     | Reached skill level 14 in Invocations
 25664 | D:15     | Reached skill level 7 in Air Magic
 26105 | D:15     | Learned a level 5 spell: Lightning Bolt
 26214 | Orc:1    | Entered Level 1 of the Orcish Mines
 26756 | Orc:1    | Reached skill level 8 in Transmutations
 27220 | Orc:2    | Entered Level 2 of the Orcish Mines
 27220 | Orc:2    | Found Sebirin's Weapon Shoppe.
 27263 | Orc:2    | HP: 19/84 [spore (15)]
 27264 | Orc:2    | HP: 9/84 [spore (10)]
 27488 | Orc:2    | HP: 10/84 [spore (16)]
 27488 | Orc:2    | Killed by an exploding ball lightning

Illustrated notes

Levels and vault maps discovered:
D:1:      dpeg_arrival_morbid_curiosity, layout_basic,
          dreamdust_ecumenical_altar_grove
D:2:      layout_loops_ring, serial_undead, serial_undead_d, serial_undead_e,
          serial_undead_d, serial_undead_d, basic_altar
D:3:      layout_loops_ring, nicolae_ru_path_of_blood,
          nicolae_tso_besieged_by_evil, serial_shops, shop_fountains,
          nicolae_shop_advertising_works [nicolae_subvault_shop_adworks], shop,
          uniq_ijyb
D:4:      layout_basic, grunt_temple_overflow_magic_moments
D:5:      layout_basic, mainiacjoe_overflow_surrounded_room
D:6:      layout_rooms, kennysheep_okawaru_gauntlet, nicolae_overflow_squiral,
          minmay_temple_entry_overgrown, serial_rivers,
          chequers_serial_rivers_large_a, chequers_serial_rivers_micro_c,
          chequers_serial_rivers_micro_d, chequers_serial_rivers_micro_b,
          chequers_serial_rivers_small_a, chequers_serial_rivers_micro_d
D:7:      layout_basic, mainiacjoe_overflow_cross_hatched,
          lightli_bailey_entry_fortress, serial_shops, shop, serial_bayou_pond_d
D:8:      minmay_distorted_concentric_squares, layout_basic, old_standard_altar,
          hellmonk_guarded_unrand_zhor, uniq_amaemon
D:9:      layout_irregular_city, mainiacjoe_overflow_tiny_flanked,
          grunt_lair_entry_orc_guard_hut, lemuel_flamethrower_1
D:10:     layout_roguey, hangedman_decor_slide_cut, minmay_strange_pillars,
          uniq_maggie, uniq_lodul
D:11:     layout_cross, serial_shops, nicolae_shop_bloodbath_and_beyond
D:12:     layout_long_grid, minmay_orc_entry_guard_dogs
D:13:     layout_roguey, minmay_stone_trees_small
D:14:     layout_basic, erik_vaults_2, old_standard_altar
D:15:     grunt_enter_depths_hoard, layout_rooms,
          minmay_fractal_squares_gapless_7, uniq_josephine
Lair:1:   layout_gridlike, serial_bayou_lagoon_b, grunt_megastairs_1,
          serial_bayou_shore_b, uniq_gastronok
Lair:2:   cheibrodos_lair_river_kwai, layout_regular_city,
          minmay_shoals_entry_hut, dummy_snake_entry, gammafunk_ghost_grave,
          grunt_megastairs_3, uniq_harold
Lair:3:   layout_roguey, maelrawn_ghost_gauntlet_escape
Lair:4:   layout_hall_layers, slime_entry_1, ebering_ghost_reflecting_pool,
          serial_bayou_pond_c, nicolae_lair_lindhole
Lair:5:   hellmonk_lair_end_abyssal_woods, layout_gridlike,
          infiniplex_staircase_pool, serial_bayou_shore_a, lemuel_fruit_fields,
          serial_bayou_shore_b
Orc:1:    layout_diamond_mine
Orc:2:    st_orc_town, layout_caves, gauntlet_entry_generic, serial_shops, shop,
          nicolae_orc_crystal_geode

Skill      XL: |  1  2  3  4  5  6  7  8  9 10 11 12 13 14 15 |
---------------+----------------------------------------------+-----
Conjurations   | 5 6 7 8 10 11 12 13 14 | 14.6
Spellcasting   | 4 5 6 8 10 12 13 14 16 | 16.2
Hexes          | 1 2 4 |  4.0
Translocations | 1 2 3 4 |  4.0
Invocations    | 1 3 5 7 9 10 11 12 13 14 | 14.1
Fire Magic     | 3 5 |  5.0
Fighting       | 2 4 6 |  6.4
Dodging        | 4 7 9 |  9.7
Air Magic      | 6 7 |  7.5
Transmutations | 7 8 |  8.2
Stealth        | |  2.4

Action                   |  1- 3 |  4- 6 |  7- 9 | 10-12 | 13-15 || total
-------------------------+-------+-------+-------+-------+-------++-------
Melee: Unarmed           |     2 |       |       |       |       ||     2
       Mace              |     7 |     4 |       |       |       ||    11
       Quarterstaff      |       |       |    13 |       |       ||    13
       Staff             |       |       |       |     4 |       ||     4
       Pair of quick bla |       |       |       |       |     2 ||     2
Throw: Stone             |       |     6 |       |       |       ||     6
 Cast: Magic Dart        |    75 |   100 |    83 |   214 |   189 ||   661
       Searing Ray       |     5 |    16 |    18 |       |     2 ||    41
       Fulminant Prism   |       |     4 |    30 |    14 |     7 ||    55
       Iskenderun's Myst |       |       |    19 |    64 |   105 ||   188
       Iskenderun's Batt |       |       |     3 |    55 |    45 ||   103
       Fireball          |       |       |       |    13 |    67 ||    80
       Conjure Ball Ligh |       |       |       |       |    66 ||    66
       Orb of Destructio |       |       |       |       |     2 ||     2
Invok: Channel Magic     |       |       |       |     1 |    18 ||    19
  Use: Scroll            |       |     4 |    13 |    13 |     3 ||    33
       Potion            |       |       |     4 |     2 |     2 ||     8
 Stab: Sleeping          |     1 |       |       |       |       ||     1
Armor: Robe              |     6 |     4 |     3 |       |       ||    13
       Steam dragon scal |       |       |     1 |    10 |     8 ||    19
Dodge: Dodged            |    22 |    13 |    15 |    36 |    82 ||   168
       Repelled          |       |       |       |     8 |     2 ||    10

Table legend: (Time is in decaauts)
 A = Elapsed time spent in this place.
 B = Non-inter-level travel time spent in this place.
 C = Inter-level travel time spent in this place.
 D = Time resting spent in this place.
 E = Time spent auto-exploring this place.
 F = Levels seen in this place.
 G = Mean time per level.
                   A        B        C        D        E       F      G
               +--------+--------+--------+--------+--------+-----+--------+
         Total |  27587 |  25668 |   1919 |   4523 |  18216 |  22 | 1254.0 |
       Dungeon |  18733 |  17166 |   1567 |   3021 |  12258 |  15 | 1248.9 |
          Lair |   7579 |   7284 |    295 |   1146 |   5290 |   5 | 1515.8 |
  Orcish Mines |   1274 |   1219 |     55 |    356 |    667 |   2 |  637.0 |
               +--------+--------+--------+--------+--------+-----+--------+

Top non-repeatable levels by time:
  Lair:5: 2271 daAuts
     D:8: 1844 daAuts
    D:14: 1774 daAuts
  Lair:2: 1723 daAuts
  Lair:1: 1605 daAuts
     D:4: 1513 daAuts
     D:5: 1483 daAuts
     D:3: 1357 daAuts
     D:9: 1299 daAuts
     D:1: 1259 daAuts
   Orc:1: 1225 daAuts
    D:10: 1195 daAuts
    D:13: 1123 daAuts
     D:7: 1121 daAuts
     D:2: 1077 daAuts

Table legend:
 A = Kills in this place as a percentage of kills in entire the game.
 B = Kills by you in this place as a percentage of kills by you in the entire game.
 C = Kills by friends in this place as a percentage of kills by friends in the entire game.
 D = Other kills in this place as a percentage of other kills in the entire game.
 E = Experience gained in this place as a percentage of experience gained in the entire game.
 F = Experience gained in this place divided by the number of levels of this place that you have seen.
                   A       B       C       D       E      F
               +-------+-------+-------+-------+-------+----------------------
         Total | 100.0 | 100.0 |   N/A |   N/A | 100.0 | 5112.2
       Dungeon |  61.3 |  61.3 |   N/A |   N/A |  49.3 | 3697.5
          Lair |  28.9 |  28.9 |   N/A |   N/A |  47.1 | 10596.4
  Orcish Mines |   9.8 |   9.8 |   N/A |   N/A |   3.6 | 2012.0
               +-------+-------+-------+-------+-------+----------------------
